 Dungeon Crawl Stone Soup version 0.25-a0-265-g7af84ae0ac (webtiles) character file.

Game seed: 12685164986610889203, levelgen mode: deterministic

83 MoonlitKnight the Vandal (level 4, -3/30 HPs)
             Began as a Halfling Hunter on Dec 8, 2019.
             Slain by an orc
             ... wielding a +0 war axe
              (8 damage)
             ... on level 3 of the Dungeon.
             The game lasted 00:05:07 (1917 turns).

MoonlitKnight the Vandal (Halfling Hunter)          Turns: 1917, Time: 00:05:07

Health: -3/30      AC:  5    Str: 13    XL:     4   Next: 71%
Magic:  4/4        EV: 14    Int:  9    God:
Gold:   130        SH:  0    Dex: 15    Spells: 3/3 levels left

rFire    . . .     SeeInvis .   a - +1 hunting sling
rCold    . . .     Gourm    .   (shield restricted)
rNeg     . . .     Faith    .   j - +0 ring mail (curse)
rPois    .         Spirit   .   (no helmet)
rElec    .         Reflect  .   (no cloak)
rCorr    .         Harm     .   (no gloves)
MR       .....                  (no boots)
Stlth    +.........             (no amulet)
HPRegen  0.10/turn              (no ring)
MPRegen  0.09/turn              (no ring)

@: no status effects
A: small, mutation resistance 1
a: no special abilities


You were on level 3 of the Dungeon.
You were hungry.

You visited 1 branch of the dungeon, and saw 3 of its levels.

You collected 130 gold pieces.

Inventory:

Hand Weapons
 a - a +1 hunting sling (weapon)
 b - a +0 short sword
Missiles
 i - 19 poisoned darts
 m - 88 stones (quivered)
Armour
 c - a +0 leather armour
 j - a cursed +0 ring mail (worn)
Potions
 e - 2 potions of brilliance {unknown}
 k - 2 potions of agility {unknown}
 l - 2 potions of curing
 n - 2 potions of resistance {unknown}
 o - 2 potions of mutation {unknown}
 p - 2 potions of lignification {unknown}
 q - a potion of degeneration {unknown}
Comestibles
 f - 3 rations


   Skills:
 + Level 2.4 Fighting
 * Level 6.9 Slings
 + Level 2.9 Dodging
 + Level 2.3 Stealth


You had 3 spell levels left.
You didn't know any spells.
Your spell library was empty.

Dungeon Overview and Level Annotations

Branches:
Dungeon (3/15)

Altars:
Elyvilon

Annotations:
D:3 1 runed translucent door


Innate Abilities, Weirdness & Mutations

You are small and have problems with some larger weapons.
You are somewhat resistant to further mutation.


Message History

Aim: an orc, wielding a +0 war axe, wearing a +0 scale mail and carrying a wand of iceblast (7)
You shoot a stone.
The stone hits the orc but does no damage.
The orc closely misses you.
Firing (i - inventory. (/) - cycle)
m - 91 stones (quivered)
Press: ? - help, Shift-Dir - straight line, f/p - orc
Aim: an orc, wielding a +0 war axe, wearing a +0 scale mail and carrying a wand of iceblast (7)
You shoot a stone.
The stone hits the orc but does no damage.
The orc misses you.
Firing (i - inventory. (/) - cycle)
m - 90 stones (quivered)
Press: ? - help, Shift-Dir - straight line, f/p - orc
Aim: an orc, wielding a +0 war axe, wearing a +0 scale mail and carrying a wand of iceblast (7)
You shoot a stone. The stone completely misses the orc.
Firing (i - inventory. (/) - cycle)
m - 89 stones (quivered)
Press: ? - help, Shift-Dir - straight line, f/p - orc
Aim: an orc, wielding a +0 war axe, wearing a +0 scale mail and carrying a wand of iceblast (7)
You shoot a stone. The stone barely misses the orc.
The orc hits you with a +0 war axe!
You die...

###..##.#############
.......(# #######.#
#(# #(# #(# #(# #o#
#@# ........#
#########


You could see an orc.

Vanquished Creatures
  An orc wizard (D:3)
  2 adders
  A worm (D:3)
  A dart slug (D:1)
  5 giant cockroaches
  5 goblins
  3 hobgoblins (D:1)
  2 jackals (D:2)
  A quokka (D:2)
  5 bats
  3 frilled lizards
  2 kobolds (D:1)
  5 rats
36 creatures vanquished.

Vanquished Creatures (others)
  An orc (D:3)
1 creature vanquished.

Grand Total: 37 creatures vanquished

Notes
Turn   | Place    | Note
-------+----------+-------------------------------------------
     0 | D:1      | MoonlitKnight the Halfling Hunter began the quest for the
                  | Orb.
     0 | D:1      | Reached XP level 1. HP: 14/14 MP: 1/1
   124 | D:1      | Reached skill level 6 in Slings
   137 | D:1      | Reached XP level 2. HP: 19/19 MP: 2/2
   536 | D:1      | Reached XP level 3. HP: 24/24 MP: 3/3
  1780 | D:3      | Reached XP level 4. HP: 29/29 MP: 4/4
  1871 | D:3      | Found a white marble altar of Elyvilon.
  1871 | D:3      | Noticed an angel
  1872 | D:3      | Found a runed translucent door.
  1917 | D:3      | Slain by an orc

Levels and vault maps discovered:
D:1:      zelgadis_glass_arrival_small, layout_basic, st_stairs_1, hex_large
D:2:      layout_loops_ring, serial_bayou_pond_e
D:3:      layout_loops_ring, lemuel_angel_altar

Skill      XL: |  1  2  3 |
---------------+----------+-----
Slings         | 6 |  6.9
Fighting       | 2 |  2.4
Stealth        | 2 |  2.3
Dodging        | |  2.9

Action                   |  1- 3 |  4- 6 || total
-------------------------+-------+-------++-------
Melee: Short sword       |    58 |       ||    58
 Fire: Hunting sling     |    57 |    24 ||    81
  Use: Scroll            |     2 |       ||     2
  Eat: Chunk             |     2 |       ||     2
Armor: Ring mail         |    15 |       ||    15
       Leather armour    |     5 |       ||     5
Dodge: Dodged            |    54 |     2 ||    56

Table legend:
 A = Non-vault XP
 B = Vault XP
 C = Vault XP percentage of total XP
 D = Non-vault monster count
 E = Vault monster count
 F = Vault count percentage of total count
                 A         B        C        D         E       F
            +---------+---------+-------+---------+---------+-------
      Total |     114 |       5 |   4.2 |      33 |       3 |   8.3
            +---------+---------+-------+---------+---------+-------
        D:1 |      30 |       5 |  14.3 |      17 |       3 |  15.0
        D:2 |      29 |       0 |   0.0 |      11 |       0 |   0.0
        D:3 |      55 |       0 |   0.0 |       5 |       0 |   0.0
            +---------+---------+-------+---------+---------+-------
